 Dungeon Crawl Stone Soup version 0.30.1-3-gfc49f6343a (webtiles) character file.

Game seed: 8507313214928843624

140 monsoonserge the Shooter (level 5, -3/38 HPs)
             Began as a Barachi Hexslinger on July 21, 2023.
             Was an Initiate of Ru.
             Killed by divine providence
             ... invoked by an orc priest
              (13 damage)
             ... on level 3 of the Dungeon.
             The game lasted 00:08:00 (2154 turns).

monsoonserge the Shooter (Barachi Hexslinger)       Turns: 2154, Time: 00:08:00

Health: -3/38      AC:  4    Str: 11    XL:     5   Next: 22%
Magic:  6/6        EV: 12    Int: 13    God:    Ru [......]
Gold:   108        SH:  5    Dex: 15    Spells: 5/6 levels left

rFire   . . .        a - +1 sling
rCold   + . .        (no shield)
rNeg    . . .        n - +0 leather armour
rPois   .            x - +0 helmet
rElec   .            (no cloak)
rCorr   .            (no gloves)
SInv    +            (no boots)
Will    .....        i - amulet of reflection
Stlth   +            k - ring of see invisible
HPRegen 0.26/turn    o - ring of protection from cold
MPRegen 0.10/turn

%: reflection
@: slow
A: amphibious, slowness 1, strong legs 1, +LOS
a: Hop, Renounce Religion


You were on level 3 of the Dungeon.
You worshipped Ru.
Ru was noncommittal.
You visited 1 branch of the dungeon, and saw 4 of its levels.

You collected 108 gold pieces.

Inventory:

Hand Weapons
 a - a +1 sling (weapon)
Missiles
 j - 7 boomerangs
 p - 3 poisoned darts
Armour
 c - a +0 robe
 h - a +0 ring mail
 n - a +0 leather armour (worn)
 x - a +0 helmet (worn)
Magical Staves
 t - a staff of cold
Jewellery
 i - an amulet of reflection (around neck)
 k - a ring of see invisible (left hand)
 m - an amulet of guardian spirit
 o - a ring of protection from cold (right hand)
Scrolls
 b - a scroll of poison
 d - a scroll of amnesia {unknown}
 e - a scroll of identify {unknown}
 l - a scroll of teleportation {unknown}
 q - a scroll of enchant armour {unknown}
 u - a scroll of vulnerability {unknown}
Potions
 f - a potion of curing {unknown}
 g - a potion of brilliance {unknown}
 r - 2 potions of haste {unknown}
 s - a potion of attraction {unknown}
 v - a potion of degeneration {unknown}
 w - a potion of lignification {unknown}


   Skills:
 + Level 1.8 Fighting
 + Level 4.3 Ranged Weapons
 * Level 1.7 Armour
 + Level 2.5 Dodging
 + Level 1.1 Spellcasting
 + Level 3.7 Hexes


You had 5 spell levels left.
You knew the following spells:

 Your Spells              Type           Power      Damage    Failure   Level
a - Slow                  Hex            40%        N/A       8%          1

Your spell library contained the following spells:

 Spells                   Type           Power      Damage    Failure   Level
 Inner Flame              Hex/Fire       5%         N/A       45%         3
 Portal Projectile        Hex/Tloc       10%        N/A       45%         3
 Cause Fear               Hex            5%         N/A       61%         4


Dungeon Overview and Level Annotations

Branches:
Dungeon (4/15)
 Temple: D:4-7

Altars:
Gozag
Ru


Innate Abilities, Weirdness & Mutations

You are amphibious.
You cover ground slowly.
You can hop short distances.
You have an extended range of vision and can be seen from far away.


Message History

The orc priest shouts!
You shoot a sling bullet. The sling bullet hits the orc.
You kill the orc!
An orc comes into view. It is wielding a +0 mace.
You shoot a sling bullet.
The sling bullet hits the orc priest but does no damage.
An orc comes into view.
It is wielding a +1 dagger of venom and quivering silver boomerangs.
You shoot a sling bullet.
The sling bullet barely misses the orc. x2
The orc shouts!
You shoot a sling bullet.
The sling bullet closely misses the orc.
The orc hits you with a +0 club.
You shoot a sling bullet. The sling bullet barely misses the orc.
The orc hits you with a +0 club.
You shoot a sling bullet. The sling bullet hits the orc.
The orc is severely wounded.
The orc closely misses you.
You shoot a sling bullet. The sling bullet barely misses the orc.
The orc completely misses you.
You shoot a sling bullet. The kobold shouts!
The sling bullet hits the orc but does no damage.
The orc is heavily wounded.
The orc closely misses you. x2
The orc hits you but does no damage.
You shoot a sling bullet. The sling bullet hits the orc.
The orc is severely wounded.
You block the orc's attack.
The orc priest calls down the wrath of Beogh upon you.
Beogh smites you!
You shoot a sling bullet. The sling bullet hits the orc.
The orc is severely wounded.
The orc priest invokes the aid of Beogh against you.
Beogh smites you! The orc hits you with a +0 club.
* * * LOW HITPOINT WARNING * * *
You shoot a sling bullet. The sling bullet hits the orc.
You kill the orc!
The orc priest calls down the wrath of Beogh upon you.
Beogh smites you!
You die...

#.# ### #.....####.# #.#
##.## #.#.#.# #.. #.#
##.#.## #.....####..
#.####.###.###.....#...#.
#.....^..##.##.#.#.##.##.
######.#.#.###.....#.....
.. ## ##...##
#.....##.### ..
.....#####)## #.#.#.##.#
.. ......oKoo@#
#.....##.# ..
.....).#o### #.....##.#
.# ...... #.# #.#.#.##.#
.# ..... #.# #.....##.#
.# .... #.# #.....##.# .#
... #.# #.....##.# .# ..
#.# #####.##.# . #.#
#.##.## #.# #...).#


You could see an orc priest, 3 orcs and a kobold.

Vanquished Creatures
  An orc wizard (D:3)
  Robin (D:2)
  3 adders
  2 dart slugs (D:1)
  9 orcs
  6 ball pythons
  5 endoplasms
  3 giant cockroaches
  12 goblins
  5 hobgoblins
  3 bats
  5 frilled lizards
  4 kobolds
  3 rats
62 creatures vanquished.

Notes
Turn   | Place    | Note
-------+----------+-------------------------------------------
     0 | D:1      | monsoonserge the Barachi Hexslinger began the quest for the
                  | Orb.
     0 | D:1      | Reached XP level 1. HP: 15/15 MP: 2/2
    32 | D:1      | Reached XP level 2. HP: 17/21 MP: 3/3
    89 | D:1      | Found a faded altar of an unknown god.
   739 | D:1      | Reached XP level 3. HP: 21/26 MP: 4/4
  1019 | D:2      | Noticed Robin
  1052 | D:3      | Reached skill level 3 in Ranged Weapons
  1175 | D:3      | Found a sacrificial altar of Ru.
  1182 | D:3      | Reached XP level 4. HP: 31/33 MP: 5/5
  1185 | D:3      | Reached skill level 1 in Armour
  1368 | D:3      | Became a worshipper of Ru the Awakened
  1401 | D:3      | Reached skill level 4 in Ranged Weapons
  1603 | D:2      | Reached XP level 5. HP: 37/38 MP: 6/6
  1701 | D:2      | Killed Robin
  1996 | D:3      | Found an opulent altar of Gozag.
  2154 | D:3      | Killed from afar by an orc priest

Illustrated notes

Levels and vault maps discovered:
D:1:      minmay_arrival_shoal_huts, layout_basic,
          shapermc_ecumenical_altar_acropolis
D:2:      layout_rooms, uniq_robin
D:3:      cheibrodos_pilgrimage, layout_loops_ring,
          mainiacjoe_overflow_alcove_4, nicolae_ru_sacrificial_ziggurat,
          columned_hall_lemuel
D:4:      layout_basic, gammafunk_temple_overflow_pools,
          nicolae_shop_overcharged_wands, uniq_menkaure,
          uniq_crazy_yiuf_cottage, uniq_duvessa

Skill      XL: |  1  2  3  4 |
---------------+-------------+-----
Ranged Weapons | 3 4 |  4.3
Armour         | 1 |  1.7
Fighting       | |  1.8
Dodging        | |  2.5
Spellcasting   | |  1.1
Hexes          | |  3.7

Action                     |  1- 3 |  4- 6 || total
---------------------------+-------+-------++-------
   Fire: Sling             |   123 |   100 ||   223
   Cast: Slow              |     1 |     1 ||     2
Ability: Hop               |     1 |       ||     1
 Armour: Robe              |     5 |       ||     5
         Ring mail         |    10 |       ||    10
         Leather armour    |     1 |    15 ||    16
  Dodge: Dodged            |    39 |    48 ||    87
  Block: Other             |    12 |    15 ||    27
         Reflection        |     1 |     3 ||     4
